 Dungeon Crawl Stone Soup version 0.27-a0-972-gd1521fd518 (webtiles) character file.

Game seed: 8722815207677496386

22 Alarkh the Insei (level 2, 21/21 HPs)
             Began as a Demonspawn Transmuter on Apr 13, 2021.
             Got out of the dungeon alive.
             The game lasted 00:01:21 (994 turns).

Alarkh the Insei (Demonspawn Transmuter)             Turns: 994, Time: 00:01:22

Health: 21/21      AC:  2    Str: 10    XL:     2   Next: 68%
Magic:  5/5        EV: 14    Int: 14    God:
Gold:   60         SH:  0    Dex: 13    Spells: 4/5 levels left

rFire    . . .     SeeInvis .     - Unarmed
rCold    . . .     Faith    .   (no shield)
rNeg     . . .     Spirit   .   a - +0 robe
rPois    .         Reflect  .   (no helmet)
rElec    .         Harm     .   (no cloak)
rCorr    .         Rampage  .   (no gloves)
Will     .....                  (no boots)
Stlth    +.........             (no amulet)
HPRegen  0.07/turn              (no ring)
MPRegen  0.09/turn              (no ring)

@: no status effects
A: repulsion field 1
a: no special abilities


You escaped.
You visited 1 branch of the dungeon, and saw 2 of its levels.

You collected 60 gold pieces.

Inventory:

Armour
 a - a +0 robe (worn)
Scrolls
 c - a scroll of magic mapping {unknown}
 e - a scroll of noise {unknown}
 f - a scroll of fog {unknown}
Potions
 b - 2 potions of heal wounds {unknown}
 d - a potion of mutation {unknown}


   Skills:
 + Level 1.4 Fighting
 - Level 1.7 Dodging
 * Level 3.1 Unarmed Combat
 + Level 2.2 Spellcasting
 + Level 2.0 Transmutations


You had 4 spell levels left.
You knew the following spells:

 Your Spells              Type           Power      Damage    Failure   Level
a - Beastly Appendage     Tmut           14%        N/A       10%         1

Your spell library contained the following spells:

 Spells                   Type           Power      Damage    Failure   Level
 Wereblood                Tmut           7%         N/A       16%         2
 Spider Form              Tmut/Pois      2%         N/A       41%         3
 Ice Form                 Ice/Tmut       4%         N/A       83%         4
 Hydra Form               Tmut           3%         N/A       95%         5


Dungeon Overview and Level Annotations

Branches:
Dungeon (2/15)

Altars:


Innate Abilities, Weirdness & Mutations

You are surrounded by a mild repulsion field. (EV +2)


Message History

The hobgoblin is severely wounded.
The hobgoblin misses you.
You hit the hobgoblin. Your kick misses the hobgoblin.
The hobgoblin is almost dead.
The hobgoblin barely misses you.
You hit the hobgoblin but do no damage.
The hobgoblin is almost dead.
The hobgoblin barely misses you.
You hit the hobgoblin.
You kill the hobgoblin!
Your horns disappear.
Your talons disappear.
You start resting.
HP restored.
You start resting.
HP restored.
No target in view!
f - a scroll labelled VOMOPP KAIXOAG
There is an open door here.
Things that are here:
a +0 ring mail; a hobgoblin corpse A rat comes into view.
You can't go up here!
You see here a jackal skeleton.
You hit the rat.
You kill the rat!
No target in view!
No target in view!
No target in view!
No target in view!
No target in view!
(D) Dungeon
Where to? (Enter - D:2 @ (x,y), ? - help)
There is an open door here.
There is a stone staircase leading up here.
You climb upwards.
There is a stone staircase leading down here.
There is a stone staircase leading down here.
There is a staircase leading out of the dungeon here.
Are you sure you want to leave the Dungeon?
This will make you lose the game!
You have escaped!

.......# #........# .......#
#........#
.......##############........##
.......##.....................#
.....>.######################.###
......#..## ##.........
..........# ######### #....######
..........###...8...###....#
..........##..8.@.8..##...##
..........#8.........8#...#######
.............8..(..8.......##....
..........#8.........8#.......###
.....##...##..8...8..##...#......
#.........###...8...###...#......
###.#.#...# ######### #...#......
......#..## ##..###..##
......############# ######.##


There were no monsters in sight!

Vanquished Creatures
  An orc (D:2)
  2 goblins (D:1)
  3 hobgoblins (D:2)
  4 jackals (D:2)
  A ball python (D:1)
  A bat (D:1)
  2 kobolds
  6 rats
20 creatures vanquished.

Notes
Turn   | Place    | Note
-------+----------+-------------------------------------------
     0 | D:1      | Alarkh the Demonspawn Transmuter began the quest for the
                  | Orb.
     0 | D:1      | Reached XP level 1. HP: 15/15 MP: 3/3
   456 | D:2      | Gained mutation: You are surrounded by a mild repulsion
                  | field. (EV +2) [demonic ancestry]
   456 | D:2      | Reached XP level 2. HP: 21/21 MP: 3/5
   464 | D:2      | Reached skill level 3 in Unarmed Combat
   994 | D:$      | Got out of the dungeon alive.

Illustrated notes

Levels and vault maps discovered:
D:1:      erik_arrival_orb_chamber, layout_rooms
D:2:      cheibrodos_greedy_goblins, layout_basic,
          hellmonk_ecumenical_altar_blasted, kennysheep_path_1, minmay_cut_off

Skill      XL: |  1  2 |
---------------+-------+-----
Unarmed Combat | 3 |  3.1
Transmutations | 2 |  2.0
Fighting       | |  1.4
Dodging        | |  1.7
Spellcasting   | |  2.2

Action                   || total
-------------------------++-------
Melee: Unarmed           ||    66
       Kick              ||    11
       Headbutt          ||     5
       Punch             ||     2
 Cast: Beastly Appendage ||    11
 Stab: Distracted        ||     1
Armor: Robe              ||     6
Dodge: Dodged            ||    47

Table legend: (Time is in decaauts)
 A = Elapsed time spent in this place.
 B = Non-inter-level travel time spent in this place.
 C = Inter-level travel time spent in this place.
 D = Time resting spent in this place.
 E = Time spent auto-exploring this place.
 F = Levels seen in this place.
 G = Mean time per level.
                   A        B        C        D        E       F      G
               +--------+--------+--------+--------+--------+-----+--------+
         Total |    990 |    891 |     99 |    148 |    592 |   2 |  495.0 |
       Dungeon |    990 |    891 |     99 |    148 |    592 |   2 |  495.0 |
               +--------+--------+--------+--------+--------+-----+--------+

Top non-repeatable levels by time:
     D:2: 566 daAuts
     D:1: 423 daAuts
